 Dungeon Crawl Stone Soup version 0.26-b1-32-g5d43845318 (webtiles) character file.

Game seed: 16155789302503802720

69440 Armakuni the Severer (level 15, -3/105 (115) HPs)
             Began as a Merfolk Monk on Jan 9, 2021.
             Was an Initiate of Gozag.
             Slain by Asterion
             ... wielding a +6 demon whip of draining
              (14 damage)
             ... on level 1 of the Snake Pit.
             The game lasted 01:03:55 (24848 turns).

Armakuni the Severer (Merfolk Monk)                Turns: 24848, Time: 01:03:56

HP:   -3/105 (115)  AC: 19    Str: 17    XL:     15   Next: 29%
MP:   15/15         EV: 19    Int:  9    God:    Gozag
Gold: 435           SH:  7    Dex: 31    Spells: 14/14 levels left

rFire    . . .     SeeInvis .   a - +8 mithril axe "Arga" {speed, Will+}
rCold    . . .     Faith    .   y - +0 buckler
rNeg     . . .     Spirit   .   j - +7 scale mail "Arrow" {rPois}
rPois    +         Reflect  .   O - +0 helmet
rElec    .         Harm     .   g - +0 cloak of the Neverending Seas {Stlth+}
rCorr    .         Rampage  +   (no gloves)
Will     +++..                  x - +1 pair of boots {rampage}
Stlth    +++.......             q - amulet "Sawkint" {Acrobat Dex+7}
HPRegen  0.27/turn              W - ring of willpower
MPRegen  0.14/turn              D - +6 ring of dexterity

@: lethally poisoned (-3 -> -6), drained
A: change form in water, swift swim, stealthy swim
a: Renounce Religion, Potion Petition, Call Merchant, Bribe Branch


You were on level 1 of the Snake Pit.
You worshipped Gozag.
Gozag was aware of your devotion.
You visited 5 branches of the dungeon, and saw 19 of its levels.
You also visited: Ossuary.

You collected 6966 gold pieces.
You spent 6027 gold pieces at shops.
You paid 504 gold pieces to Gozag.

Inventory:

Hand Weapons
 a - the +8 mithril axe "Arga" (weapon) {speed, Will+}
   (You bought it in a shop on level 5 of the Dungeon)

   Attacks with this weapon are significantly faster.
   It affects your willpower, your defense against some magical effects.
 b - a +8 war axe of flaming
Missiles
 n - a throwing net
 o - 39 boomerangs (quivered)
 w - 16 poisoned darts
 B - 15 curare-tipped darts
 G - 8 boomerangs of dispersal
Armour
 g - the +0 cloak of the Neverending Seas (worn) {Stlth+}
   (You bought it in a shop on level 2 of the Orcish Mines)

   It makes you more stealthy.
 j - the +7 scale mail "Arrow" (worn) {rPois}
   (You bought it in a shop on level 2 of the Orcish Mines)

   It protects you from poison.
 x - a +1 pair of boots of rampaging (worn)
 y - a +0 buckler (worn)
 O - a +0 helmet (worn)
Jewellery
 q - the amulet "Sawkint" (around neck) {Acrobat Dex+7}
   (You found it on level 3 of the Lair of Beasts)

   [amulet of the acrobat]

   It helps you evade while moving and waiting.
   It affects your dexterity (+7).
 D - a +6 ring of dexterity (right hand)
 J - an uncursed ring of protection from cold
 M - an uncursed ring of willpower
 U - an uncursed amulet of faith
 W - a ring of willpower (left hand)
Wands
 t - a wand of digging (4)
 z - a wand of polymorph (19)
 K - a wand of enslavement (4)
 P - a wand of iceblast (7)
Scrolls
 d - 12 scrolls of teleportation
 h - a scroll of amnesia
 s - 4 scrolls of fog
 C - 2 scrolls of identify
 F - 3 scrolls of blinking
 H - a scroll of noise
 I - a scroll of fear
 L - 8 scrolls of remove curse
 N - a scroll of brand weapon
Potions
 c - 9 potions of curing
 e - 3 potions of magic
 i - 2 potions of brilliance
 k - 2 potions of flight
 m - 6 potions of heal wounds
 p - 4 potions of haste
 r - 3 potions of mutation
 u - a potion of resistance
 A - a potion of might
 E - a potion of lignification
 Q - a potion of invisibility
Miscellaneous
 f - a phial of floods
 l - a lightning rod (4/4)
 v - a condenser vane (inert)


   Skills:
 - Level 10.0 Fighting
 - Level 7.7 Long Blades
 + Level 15.4 Axes
 - Level 10.0 Throwing
 - Level 6.0 Armour
 - Level 10.0 Dodging
 - Level 2.1 Stealth
 - Level 4.0 Shields
 - Level 4.5 Evocations


You had 14 spell levels left.
You didn't know any spells.
Your spell library contained the following spells:

 Spells                   Type           Power        Failure   Level
 Animate Skeleton         Necr           0%           77%         1
 Apportation              Tloc           0%           77%         1
 Corona                   Hex            0%           77%         1
 Shock                    Conj/Air       0%           77%         1
 Summon Small Mammal      Summ           0%           77%         1
 Call Imp                 Summ           0%           88%         2
 Swiftness                Air            0%           88%         2
 Call Canine Familiar     Summ           0%           98%         3
 Ignite Poison            Fire/Tmut/Pois 0%           98%         3
 Lesser Beckoning         Tloc           0%           98%         3
 Static Discharge         Conj/Air       0%           98%         3
 Summon Guardian Golem    Hex/Summ       0%           98%         3
 Tukima's Dance           Hex            0%           98%         3
 Airstrike                Air            0%           100%        4
 Summon Ice Beast         Ice/Summ       0%           100%        4
 Summon Lightning Spire   Summ/Air       0%           100%        4
 Alistair's Intoxication  Tmut/Pois      0%           100%        5
 Fireball                 Conj/Fire      0%           100%        5
 Lightning Bolt           Conj/Air       0%           100%        5
 Invisibility             Hex            0%           100%        6
 Starburst                Conj/Fire      0%           100%        6
 Ignition                 Fire           0%           100%        8


Dungeon Overview and Level Annotations

Branches:
Dungeon (9/15)             Temple (1/1) D:7            Lair (6/6) D:9
  Swamp (0/4) Lair:2        Snake (1/4) Lair:2        Slime (0/5) Lair:6
    Orc (2/2) D:9             Elf (0/3) Orc:2       Ossuary (visited)

Altars:
Ashenzari
Cheibriados
Dithmenos
Elyvilon
Fedhas
Gozag
Hepliaklqana
Kikubaaqudgha
Makhleb
Nemelex Xobeh
Okawaru
Qazlal
Ru
Sif Muna
Trog
Uskayaw
Vehumet
Wu Jian
Xom
Yredelemnul
Zin
The Shining One
Jiyva

Shops:
D:5 }!([?   Orc:1 }   Orc:2 *}[!   Lair:1 *

Annotations:
D:5 1 runed translucent door
Lair:2 exclusion: door
Snake:1 Asterion


Message History

You are more poisoned.
Asterion hits you with a +6 demon whip of draining!!
* * * LOW HITPOINT WARNING * * *
You feel drained.
* * * LOW HITPOINT WARNING * * *
You block Asterion's attack. The naga mage spits poison at you.
The splash of poison hits you but does no damage.
You resist.
Unknown command.
As you read the scroll of fear, it crumbles to dust.
You assume a fearsome visage.
Asterion easily resists.
The guardian serpent looks frightened!
The naga mage looks frightened! x2
The black mamba looks frightened! x2; You feel sick.
The naga mage gestures at you while chanting.
You resist with almost no effort.
Asterion screams, "Stop staring at me!"
Asterion hits you with a +6 demon whip of draining!
You die...
Your body crumbles into a pile of gold.

#.# #.# #.# #.#
#S# #.#
####.####
###S..@N..###
##....NH.......
#....<...#S.§..
#.##....$.#
####
...§.#....#
#.##§##..#..#
... #..#..#
.... ####.##
.... #


You could see Asterion, a guardian serpent (fleeing), 2 black mambas and 2 naga
magi.

Vanquished Creatures
  Gastronok (Lair:1)
  2 orc warlords
  A dire elephant (Lair:3)
  Harold (Lair:1)
  A catoblepas (Lair:4)
  8 hydras
  3 orc high priests (Orc:2)
  Nergalle (Lair:1)
  Pikel (D:7)
  A lindwurm (Lair:3)
  A necromancer (Lair:2)
  5 orc knights
  4 orc sorcerers
  3 oklob plants (Lair:5)
  A wolf spider (Lair:6)
  11 elephants
  10 black mambas
  A guardian serpent (Lair:6)
  A torpor snail (Lair:6)
  22 cane toads
  Maggie (D:9)
  4 rime drakes
  10 komodo dragons
  A polar bear (Lair:6)
  5 hornets
  2 trolls (Orc:1)
  9 blink frogs
  4 slime creatures (D:9)
  A dream sheep (Lair:3)
  2 redbacks (Lair:6)
  6 basilisks
  16 wyverns
  58 yaks
  3 vampire mosquitoes (Lair:2)
  Grum (Lair:1)
  2 steam dragons
  2 wargs
  2 soldier ants
  A naga (Lair:2)
  22 water moccasins
  25 orc warriors
  3 black bears (D:9)
  An ice beast (Lair:1)
  A sky beast (D:9)
  6 necrophages (Lair:5)
  2 eyes of draining
  4 phantoms
  7 ogres
  A centaur (D:8)
  41 wolves
  A big kobold (D:9)
  18 bullfrogs
  2 scorpions
  3 wights (D:8)
  8 electric eels
  3 quasits
  8 hounds
  13 orc priests
  4 bullfrog skeletons
  4 iguanas
  22 orc wizards
  A polar bear simulacrum (Lair:2)
  13 worker ants
  A hound zombie (D:6)
  8 mummies (Ossuary)
  A worker ant zombie (D:9)
  3 adders
  2 ufetubi
  An ooze (D:1)
  An adder skeleton (D:7)
  An adder zombie (D:6)
  2 worms
  2 dart slugs (D:1)
  7 leopard geckos
  80 orcs
  8 giant cockroaches
  2 gnoll zombies (Ossuary)
  8 goblins
  7 hobgoblins
  6 jackals
  5 quokkas
  3 ball pythons
  4 bats
  2 frilled lizards
  A hobgoblin zombie (Ossuary)
  A jackal skeleton (D:7)
  13 kobolds
  3 kobold zombies (Ossuary)
  2 orc zombies (Ossuary)
  10 rats
  A river rat simulacrum (Lair:2)
607 creatures vanquished.

Vanquished Creatures (others)
  A cane toad (Lair:6)
  4 orcs
  93 fungi
  123 plants
  9 toadstools (Lair:3)
230 creatures vanquished.

Grand Total: 837 creatures vanquished

Notes
Turn   | Place    | Note
-------+----------+-------------------------------------------
     0 | D:1      | Armakuni the Merfolk Monk began the quest for the Orb.
     0 | D:1      | Reached XP level 1. HP: 18/18 MP: 1/1
   333 | D:1      | Reached XP level 2. HP: 24/24 MP: 2/2
   684 | D:1      | Reached XP level 3. HP: 30/30 MP: 3/3
  1554 | D:3      | Found a blossoming altar of Fedhas.
  1897 | D:3      | Reached XP level 4. HP: 38/38 MP: 4/4
  2135 | D:4      | Noticed an ogre
  2156 | D:3      | Killed an ogre
  2157 | D:3      | Reached skill level 5 in Fighting
  2157 | D:3      | Reached skill level 5 in Long Blades
  2157 | D:3      | Reached XP level 5. HP: 29/44 MP: 5/5
  2552 | D:4      | Reached XP level 6. HP: 51/51 MP: 6/6
  2988 | D:4      | Noticed a phantom
  3030 | D:4      | Killed a phantom
  3031 | D:4      | Reached XP level 7. HP: 39/59 MP: 7/7
  3191 | D:4      | Found a sacrificial altar of Ru.
  3487 | D:5      | Entered Level 5 of the Dungeon
  3521 | D:5      | Found Sunwez's Magic Scroll Shop.
  3529 | D:5      | Bought a scroll of enchant weapon for 105 gold pieces
  3673 | D:5      | Found Ase Boza's Antique Armour Boutique.
  3733 | D:5      | Found Ruru Hyc's Distillery.
  3839 | D:5      | Found a runed translucent door.
  3840 | D:5      | Found a runed translucent door.
  3841 | D:5      | Noticed a soldier ant
  3872 | D:5      | Killed a soldier ant
  3909 | D:5      | Reached XP level 8. HP: 54/67 MP: 8/8
  4386 | D:5      | Found Oceamm Qibb's Gadget Emporium.
  4427 | D:5      | Found Vofitair's Antique Weapon Boutique.
  4748 | D:6      | Reached skill level 5 in Dodging
  4845 | D:5      | Bought a buckler for 94 gold pieces
  4899 | D:6      | Found a sand-covered staircase.
  4933 | D:6      | Reached skill level 1 in Shields
  4945 | Ossuary  | Entered an ossuary
  6295 | D:6      | Reached XP level 9. HP: 75/75 MP: 9/9
  6744 | D:5      | Bought a pair of embroidered boots for 157 gold pieces
  6828 | D:7      | Noticed Pikel
  6841 | D:7      | Killed Pikel
  6884 | D:7      | Noticed a hornet
  6893 | D:7      | Paralysed by a hornet for 1 turns
  6894 | D:7      | Killed a hornet
  7309 | D:7      | Found a staircase to the Ecumenical Temple.
  7316 | Temple   | Entered the Ecumenical Temple
  7354 | Temple   | Became a worshipper of Gozag Ym Sagoz the Greedy
  7881 | D:7      | Reached skill level 10 in Fighting
  8267 | D:8      | Reached skill level 10 in Dodging
  8284 | D:8      | Reached skill level 1 in Evocations
  8432 | D:8      | Found a shimmering altar of Xom.
  8434 | D:8      | Found a shimmering altar of Xom.
  8436 | D:8      | Found a shimmering altar of Xom.
  8557 | D:8      | Found a broken altar of Ashenzari.
  8612 | D:8      | Reached skill level 1 in Armour
  8615 | D:8      | Reached XP level 10. HP: 85/85 MP: 10/10
  9102 | D:9      | Noticed Joseph
  9103 | D:9      | Noticed Joseph
  9103 | D:9      | Joseph changed into Joseph the ogre
  9111 | D:9      | Killed Joseph the ogre
  9289 | D:9      | Found a staircase to the Orcish Mines.
  9570 | D:9      | Reached skill level 1 in Axes
  9622 | D:9      | Found a staircase to the Lair.
  9673 | D:9      | Reached skill level 2 in Axes
  9892 | D:9      | Paralysed by a hornet for 1 turns
 10090 | D:9      | Found a hazy altar of Hepliaklqana.
 10252 | D:9      | Reached skill level 3 in Axes
 10270 | D:9      | Reached XP level 11. HP: 90/90 MP: 11/11
 10298 | D:9      | Noticed Maggie
 10317 | D:9      | Killed Maggie
 10318 | D:9      | Reached skill level 5 in Armour
 10629 | Orc:1    | Entered Level 1 of the Orcish Mines
 10649 | Orc:1    | Reached skill level 4 in Axes
 10780 | Orc:2    | Entered Level 2 of the Orcish Mines
 10781 | Orc:2    | Found a staircase to the Elven Halls.
 10912 | Orc:2    | Noticed an orc knight
 10939 | Orc:2    | Killed an orc knight
 11208 | Orc:2    | Noticed an orc sorcerer
 11211 | Orc:2    | Noticed an orc knight
 11295 | Orc:1    | Found Mevvim's Gadget Shoppe.
 11295 | Orc:1    | Found a shimmering altar of Xom.
 11501 | Orc:1    | Noticed an orc sorcerer
 11547 | Orc:1    | Reached skill level 5 in Axes
 11616 | Orc:1    | an orc sorcerer changed into a steam dragon
 11620 | Orc:1    | Noticed an orc warlord
 11862 | Orc:2    | Noticed an orc sorcerer
 11863 | Orc:2    | Paralysed by an orc sorcerer for 5 turns
 11967 | Lair:1   | Entered Level 1 of the Lair of Beasts
 11967 | Lair:1   | Noticed Nergalle
 12005 | Lair:1   | Killed Nergalle
 12106 | Lair:1   | Reached skill level 6 in Axes
 12431 | Lair:1   | Reached skill level 7 in Axes
 12761 | Lair:1   | Noticed Sonja
 12762 | Lair:1   | Noticed Sonja
 12762 | Lair:1   | Sonja changed into Sonja the ice beast
 12764 | Lair:1   | Noticed Grum
 12784 | Lair:1   | Killed Sonja the ice beast
 12814 | Lair:1   | Killed Grum
 12954 | Lair:1   | Noticed Gastronok
 13122 | D:5      | Bought the +8 mithril axe "Arga" {speed, Will+} for 1873
                  | gold pieces
 13122 | D:5      | Found the +8 mithril axe "Arga" {speed, Will+}
 13263 | Lair:1   | Reached skill level 8 in Axes
 13417 | Lair:1   | Noticed Harold
 13429 | Lair:1   | Killed Harold
 13430 | Lair:1   | Reached XP level 12. HP: 97/97 MP: 12/12
 13600 | Lair:1   | Killed Gastronok
 13601 | Lair:1   | Reached skill level 9 in Axes
 13776 | Lair:2   | Got a slimy ring mail
 13787 | Lair:2   | Identified the +4 ring mail of Cloud Cover {Str+5 Slay+3}
                  | (You found it on level 2 of the Lair of Beasts)
 13978 | Lair:2   | Reached skill level 10 in Axes
 14148 | Lair:2   | Found a staircase to the Swamp.
 14839 | Lair:2   | Found a staircase to the Snake Pit.
 15105 | Lair:2   | Noticed a six-headed hydra
 15202 | Lair:2   | Reached skill level 11 in Axes
 15213 | Lair:2   | Reached skill level 1 in Throwing
 15681 | Lair:3   | Reached XP level 13. HP: 103/103 MP: 13/13
 15861 | Orc:1    | Bought a phial of floods for 560 gold pieces
 15946 | Orc:1    | Killed an orc warlord
 15947 | Orc:1    | Reached skill level 5 in Throwing
 16477 | Orc:2    | Noticed an orc warlord
 16941 | Orc:2    | Killed an orc warlord
 16942 | Orc:2    | Reached skill level 12 in Axes
 17854 | Orc:2    | Found Ryuh's Antique Armour Boutique.
 17854 | Orc:2    | Found Niusim's Distillery.
 17861 | Orc:2    | Found Canla Utae's General Store.
 17861 | Orc:2    | Found Exepn's Gadget Emporium.
 17979 | Orc:2    | Bought a pitted cloak for 199 gold pieces
 17989 | Orc:2    | Identified the +0 cloak of the Neverending Seas {Stlth+}
                  | (You bought it in a shop on level 2 of the Orcish Mines)
 17992 | Orc:2    | Bought a crude scale mail for 189 gold pieces
 17992 | Orc:2    | Bought an ancient plate armour for 588 gold pieces
 17992 | Orc:2    | Identified the cursed +0 plate armour of Action {rElec MP+9
                  | Dex+4} (You bought it in a shop on level 2 of the Orcish
                  | Mines)
 17995 | Orc:2    | Identified the +7 scale mail "Arrow" {rPois} (You bought it
                  | in a shop on level 2 of the Orcish Mines)
 18013 | Orc:2    | Bought a potion of heal wounds for 85 gold pieces
 18013 | Orc:2    | Bought a potion of heal wounds for 85 gold pieces
 18769 | Lair:3   | Noticed a dire elephant
 18789 | Lair:3   | Found a runed translucent door.
 18848 | Lair:3   | Reached XP level 14. HP: 103/110 MP: 14/14
 18894 | Lair:3   | Killed a dire elephant
 18918 | Lair:3   | Got a fine bone amulet
 18925 | Lair:3   | Identified the amulet "Sawkint" {Acrobat Dex+7} (You found
                  | it on level 3 of the Lair of Beasts)
 19229 | Lair:3   | Reached skill level 13 in Axes
 19485 | Lair:4   | Got an encrusted long sword
 20427 | Lair:1   | Got a pitted hand axe
 21049 | Lair:5   | Reached skill level 10 in Throwing
 21827 | Lair:5   | Reached skill level 14 in Axes
 22120 | Lair:6   | Entered Level 6 of the Lair of Beasts
 22483 | Lair:6   | Identified the cursed +2 hand axe of Defence {elec, rC+
                  | Int+2} (You found it on level 1 of the Lair of Beasts)
 22485 | Lair:6   | Identified the +5 long sword "Orb Guardian's Doom" {vorpal,
                  | Will+ Str+3 Int+5} (You found it on level 4 of the Lair of
                  | Beasts)
 23069 | Lair:6   | Reached XP level 15. HP: 67/115 MP: 15/15
 23465 | Lair:6   | Reached skill level 15 in Axes
 24200 | Lair:6   | Found a staircase to the Slime Pits.
 24201 | Lair:6   | Found a viscous altar of Jiyva.
 24492 | Orc:2    | Bought a scroll of acquirement for 832 gold pieces
 24493 | Orc:2    | Acquired 473 gold pieces
 24499 | Orc:2    | Bought a potion of curing for 51 gold pieces
 24499 | Orc:2    | Bought a potion of haste for 170 gold pieces
 24499 | Orc:2    | Bought a potion of curing for 51 gold pieces
 24499 | Orc:2    | Bought a potion of mutation for 136 gold pieces
 24696 | D:5      | Bought 2 potions of heal wounds for 150 gold pieces
 24696 | D:5      | Bought a potion of invisibility for 120 gold pieces
 24696 | D:5      | Bought a potion of mutation for 120 gold pieces
 24696 | D:5      | Bought a potion of mutation for 120 gold pieces
 24696 | D:5      | Bought a potion of haste for 150 gold pieces
 24808 | Lair:1   | Bought a scroll of fear for 122 gold pieces
 24808 | Lair:1   | Bought a scroll of fog for 70 gold pieces
 24843 | Snake:1  | Entered Level 1 of the Snake Pit
 24843 | Snake:1  | Noticed Asterion
 24848 | Snake:1  | Slain by Asterion

Illustrated notes

Levels and vault maps discovered:
D:1:      minmay_arrival_stone_box, layout_basic
D:2:      layout_loops_ring
D:3:      layout_loops_ring, fedhas_altar_fruit_tree
D:4:      layout_loops_ring, nicolae_ru_sacrificial_ziggurat
D:5:      lemuel_insect_pit, layout_basic, serial_shops, shop, shop,
          nicolae_shop_waterfront, shop, nicolae_shop_trees,
          kennysheep_generic_room_4
D:6:      layout_loops_cross, nicolae_ossuary_entry_monument, serial_bayou,
          serial_bayou_ford_a, serial_bayou_pond_c, serial_bayou_crossing,
          serial_bayou_pond_d, eino_small_chamber_without_monster
D:7:      minmay_skewed_foursquare, layout_gridville,
          minmay_temple_entry_nine_rooms, uniq_pikel
D:8:      layout_basic, xom_redecorated, nicolae_overflow_hidden_temple
D:9:      layout_loops_ring, due_lair_maze_entry_diamond, hiddenorc2_lemuel,
          serial_aquarium, aquarium_bridge_square [aquarium_subvault_bridge,
          aquarium_subvault_bridge, aquarium_subvault_bridge,
          aquarium_subvault_wall], aquarium_bridge_island_small
          [aquarium_subvault_small_open, aquarium_subvault_bridge,
          aquarium_subvault_bridge, aquarium_subvault_window,
          aquarium_subvault_wall], aquarium_window_1,
          aquarium_window_corridor_3, aquarium_window_2, aquarium_window_1,
          aquarium_view_2c, aquarium_view_4, aquarium_balcony_3b,
          aquarium_pool_corner, basic_altar, hangedman_pestilent_swarm,
          uniq_joseph, uniq_maggie
Temple:   dpeg_five_rooms_temple
Lair:1:   layout_hall_layers, uniq_nergalle, uniq_sonja, uniq_harold, uniq_grum,
          uniq_gastronok
Lair:2:   layout_misc_corridors, minmay_swamp_entry_swarm,
          guppyfry_snake_entry_garden, eino_house_with_fridge
Lair:3:   gammafunk_lair_enchanted_lake, layout_concentric_octagons,
          grunt_forest_large_clearings
Lair:4:   layout_cellular_growth, grunt_megastairs_5
Lair:5:   layout_roguey, roderic_carrion_pond, minmay_lair_oklob_chamber,
          grunt_megastairs_1
Lair:6:   hangedman_lair_tendril_chambers, layout_long_grid, slime_altar_1,
          st_stairs_8, guppyfry_lair_drakes, infiniplex_staircase_pool
Snake:1:  layout_onion_interference, basic_altar, uniq_roxanne, uniq_frances,
          uniq_asterion, uniq_nikola
Orc:1:    layout_caves, serial_shops, shop, enter_volcano_2, basic_altar,
          enter_bailey_4
Orc:2:    grunt_orc_tribal_feast, layout_caves, lightli_orcish_oven

Skill      XL: |  1  2  3  4  5  6  7  8  9 10 11 12 13 14 15 |
---------------+----------------------------------------------+-----
Fighting       | 4 5 6 7 8 10 | 10.0
Long Blades    | 4 5 6 7 |  7.7
Dodging        | 6 10 | 10.0
Shields        | 4 |  4.0
Evocations     | 1 4 |  4.5
Armour         | 1 4 6 |  6.0
Axes           | 3 8 11 12 14 15 | 15.4
Throwing       | 3 8 10 | 10.0
Stealth        | |  2.1

Action                   |  1- 3 |  4- 6 |  7- 9 | 10-12 | 13-15 || total
-------------------------+-------+-------+-------+-------+-------++-------
Melee: Falchion          |   112 |    17 |   181 |   402 |       ||   712
       Short sword       |    14 |    51 |   230 |   208 |       ||   503
       Tailslap          |       |       |     4 |       |     7 ||    11
       Broad axe         |       |       |       |   172 |   741 ||   913
       War axe           |       |       |       |       |    45 ||    45
Throw: Boomerang         |       |    12 |    17 |    11 |    68 ||   108
       Dart              |       |       |       |       |    21 ||    21
Invok: Call Merchant     |       |       |       |       |     1 ||     1
Evoke: Wand              |       |    17 |    23 |    42 |     1 ||    83
       Condenser vane    |       |       |       |     2 |     2 ||     4
       Phial of floods   |       |       |       |       |     1 ||     1
  Use: Scroll            |     7 |     1 |    10 |     8 |    12 ||    38
       Potion            |       |       |     6 |    11 |     5 ||    22
 Stab: Sleeping          |     3 |       |     9 |     5 |     9 ||    26
       Invisible         |       |       |     2 |       |     9 ||    11
       Distracted        |       |       |       |     5 |    14 ||    19
Armor: Robe              |    10 |       |       |       |       ||    10
       Acid dragon scale |    24 |    12 |    59 |    85 |       ||   180
       Skin              |       |       |    11 |    13 |       ||    24
       Ring mail         |       |       |       |    17 |    23 ||    40
       Scale mail        |       |       |       |       |   130 ||   130
Dodge: Dodged            |    84 |    38 |   167 |   427 |   453 ||  1169
Block: Buckler           |       |       |    54 |   155 |   196 ||   405
       Rpst.: Falchion   |    30 |     3 |    20 |    73 |       ||   126
